 Dungeon Crawl Stone Soup version 0.30-b1-2-g02819fbbbe (webtiles) character file.

Game seed: 6565856015385415297

280 redmage the Chiller (level 6, 45/45 HPs)
             Began as a Meteoran Ice Elementalist on Aug 15, 2023.
             Quit the game on level 5 of the Dungeon.
             The game lasted 00:09:09 (739 turns).

redmage the Chiller (Meteoran Ice Elementalist)      Turns: 739, Time: 00:09:09

Health: 45/45      AC:  2    Str: 15    XL:     6   Next: 83%
Magic:  15/15      EV: 12    Int: 19    God:
Gold:   65         SH:  0    Dex: 15    Spells: 9/16 levels left

rFire   . . .        (no weapon)
rCold   . . .        (no shield)
rNeg    . . .        a - +0 robe
rPois   .            (no helmet)
rElec   .            (no cloak)
rCorr   .            (no gloves)
SInv    .            (no boots)
Will    .....        (no amulet)
Stlth   +            g - +6 ring of strength
HPRegen 0.27/turn    (no ring)
MPRegen 0.14/turn

%: no passive effects
@: glowing, very slow
A: sense surroundings 1, otherworldly, glowing, explore regen
a: no special abilities


You were on level 5 of the Dungeon.
You visited 1 branch of the dungeon, and saw 5 of its levels.

You collected 65 gold pieces.

Inventory:

Armour
 a - a +0 robe (worn)
Jewellery
 g - a +6 ring of strength (left hand)
 i - a ring of fire
Scrolls
 h - 2 scrolls of teleportation
Potions
 b - a potion of magic
 c - a potion of degeneration {unknown}
 d - a potion of berserk rage
 e - a potion of lignification {unknown}
 f - a potion of mutation
 j - 2 potions of heal wounds {unknown}


   Skills:
 - Level 2.5 Dodging
 - Level 1.5 Stealth
 + Level 5.7 Spellcasting
 + Level 6.4 Ice Magic


You had 9 spell levels left.
You knew the following spells:

 Your Spells              Type           Power      Damage    Failure   Level
a - Freeze                Ice            100%       1d10      1%          1
b - Frozen Ramparts       Ice            58%        1d9       2%          3
c - Ozocubu's Armour      Ice            29%        N/A       2%          3

Your spell library contained the following spells:

 Spells                   Type           Power      Damage    Failure   Level
 Summon Ice Beast         Ice/Summ       17%        N/A       30%         4


Dungeon Overview and Level Annotations

Branches:
Dungeon (5/15) Zot: 2260   Temple (0/1) D:5

Altars:
Okawaru
Xom


Innate Abilities, Weirdness & Mutations

You passively map a small area around you.
You are easily found by Zot.
You glow in the dark.
You regain HP and MP as you explore.


Message History

Your icy armour cracks and falls away as you move.
The frozen ramparts melt away as you move.
Things that are here:
a +0 giant spiked club; an ogre corpse
Found a stone staircase leading up.
Magic restored.
HP restored.
There is a stone staircase leading up here.
You climb upwards.
You hear the sound of rushing water.
There is an entrance to a sewer on this level.
Hurry and find it before the portal rusts away!
You hear the quick rusting of a drain very nearby.
The kobold shouts!
The kobold closely misses you.
There is a stone staircase leading down here.
Casting: Freeze (safe; 1% risk of failure)
Confirm with . or Enter, or press ? or * to list all spells.
Aiming: Freeze (safe; 1% risk of failure)
Press: ? - help, Shift-Dir - straight line, f - kobold
Aim: a kobold, wielding a +0 whip You freeze the kobold!
You kill the kobold!
Unknown command.
You climb downwards.
There is a stone staircase leading up here.
Found 4 poisoned darts.
You see here 4 poisoned darts.
Found a stone staircase leading down.
Found a metallic coppery potion.
e - a metallic coppery potion
Found a bubbling sapphire potion.
j - 2 bubbling sapphire potions (gained 1)
Found 6 gold pieces.
Found 6 gold pieces.
You now have 59 gold pieces (gained 6).
You now have 65 gold pieces (gained 6).
You enter the shallow water.
Moving in this stuff is going to be slow.
Why would you want to do that? Why would you want to do that?
Are you sure you want to abandon this character and quit the game? (Confirm with "yes".)

............####.#
#####.###.### #.#
#####.# #.# #.#
#<....# ### #.#
####### #.# #.#
#.# * * #.# , ,,
#@#* , * *#≈≈.#
#≈≈.≈# * #≈#.≈#*
>, ,, *≈≈..~≈
,.≈##.###* ..≈ #≈.
* ..## #~≈**


There were no monsters in sight!

Vanquished Creatures
  An ogre (D:5)
  An orc priest (D:5)
  4 iguanas
  A sleepcap (D:5)
  An adder (D:3)
  A dart slug (D:3)
  3 orcs
  A ball python (D:3)
  A bat (D:3)
  An endoplasm (D:1)
  3 giant cockroaches
  A goblin (D:3)
  4 jackals (D:4)
  4 kobolds
  A quokka (D:4)
  A frilled lizard (D:3)
  2 rats
31 creatures vanquished.

Notes
Turn   | Place    | Note
-------+----------+-------------------------------------------
     0 | D:1      | redmage the Meteoran Ice Elementalist began the quest for
                  | the Orb.
     0 | D:1      | Reached XP level 1. HP: 14/14 MP: 5/5
    38 | D:1      | Reached XP level 2. HP: 17/20 MP: 3/6
   167 | D:4      | Reached skill level 5 in Ice Magic
   167 | D:4      | Reached XP level 3. HP: 23/26 MP: 5/9
   167 | D:4      | Reached XP level 4. HP: 29/33 MP: 5/10
   171 | D:4      | Learned a level 3 spell: Frozen Ramparts
   175 | D:4      | Learned a level 3 spell: Ozocubu's Armour
   192 | D:4      | Noticed an ice beast
   329 | D:3      | Found an iron altar of Okawaru.
   329 | D:3      | Found a shimmering altar of Xom.
   491 | D:4      | Reached XP level 5. HP: 22/38 MP: 7/12
   555 | D:5      | Entered Level 5 of the Dungeon
   601 | D:5      | Reached skill level 5 in Spellcasting
   601 | D:5      | Reached XP level 6. HP: 43/45 MP: 4/14
   608 | D:5      | Reached skill level 6 in Ice Magic
   643 | D:5      | Noticed an ogre
   649 | D:5      | Killed an ogre
   739 | D:5      | Quit the game

Illustrated notes

Levels and vault maps discovered:
D:1:      dpeg_arrival_arbitrary_c, layout_rooms, shapermc_ecumenical_altar_gd
D:2:      layout_loops_ring, serial_shops, nicolae_shop_just_a_little_nook,
          serial_forest, infiniplex_forest_zigzag_2,
          infiniplex_forest_lined_corner, infiniplex_forest_clump_medium,
          infiniplex_forest_straight_5, infiniplex_forest_clump_small,
          infiniplex_forest_end_1, infiniplex_forest_clump_curved
D:3:      layout_basic, amethyst_overflow_temple_binary,
          mainiacjoe_overflow_small_starburst, serial_bayou_pond_a
D:4:      layout_cave_pods, gup_sewer_entry_spiral
D:5:      layout_basic, minmay_temple_entry_grid, serial_rivers,
          chequers_serial_rivers_small_b, chequers_serial_rivers_large_b,
          chequers_serial_rivers_micro_e, chequers_serial_rivers_small_a,
          kennysheep_generic_room_14

Skill      XL: |  1  2  3  4  5  6 |
---------------+-------------------+-----
Spellcasting   | 3 4 5 |  5.7
Ice Magic      | 5 6 |  6.4
Dodging        | |  2.5
Stealth        | |  1.5

Action                     |  1- 3 |  4- 6 || total
---------------------------+-------+-------++-------
  Melee: Unarmed           |       |    25 ||    25
   Cast: Freeze            |    14 |    14 ||    28
         Frozen Ramparts   |       |     7 ||     7
         Ozocubu's Armour  |       |     3 ||     3
    Use: Scroll            |       |     7 ||     7
 Armour: Robe              |     2 |    13 ||    15
  Dodge: Dodged            |     6 |    16 ||    22
